 Dungeon Crawl Stone Soup version 0.14-a0-1637-gd423c14 (webtiles) character file.

288 CrazyArbalest the Skirmisher (level 6, -9/67 HPs)
             Began as an Ogre Berserker on Dec 26, 2013.
             Was a Priest of Trog.
             Mangled by an ogre
             ... wielding a +0,+0 giant club
              (26 damage)
             ... on Level 4 of the Dungeon.
             The game lasted 00:16:13 (3390 turns).

CrazyArbalest the Skirmisher (Ogre Berserker)       Turns: 3390, Time: 00:16:14

HP  -9/67        AC  3     Str 23      XL: 6   Next: 20%
MP   6/6         EV 11     Int  7      God: Trog [***...]
Gold 23          SH  0     Dex 10      Spells:  0 memorised,  5 levels left

rFire  . . .     SeeInvis .     a - +0 mace
rCold  . . .     Clarity  .     b - +0 animal skin
rNeg   . . .     Conserve .     (shield restricted)
rPois  .         rCorr    +     (helmet restricted)
rElec  .         rRot     .     (no cloak)
SustAb . .       Spirit   .     (gloves unavailable)
rMut   .         Warding  .     (boots unavailable)
Saprov + . .     Stasis   .     h - amulet of resist corrosion {unknown}
                                (no ring)
                                (no ring)

@: held, slightly resistant to hostile enchantments, unstealthy
A: unfitting armour, fast metabolism 1, saprovore 1, tough skin 1
a: Burn Spellbooks, Berserk, Trog's Hand, Renounce Religion


You were on level 4 of the Dungeon.
You worshipped Trog.
Trog was most pleased with you.
You were near starving.

You visited 2 branches of the dungeon, and saw 5 of its levels.

You collected 185 gold pieces.
You spent 162 gold pieces at shops.

Inventory:

Hand weapons
 a - a +0,+0 mace (weapon)
Missiles
 i - 3 poisoned tomahawks (quivered)
Armour
 b - a +0 animal skin (worn)
Comestibles
 c - 2 meat rations
 n - a slice of pizza
 p - a bread ration
Scrolls
 f - a scroll of noise
 g - 5 scrolls of remove curse
 j - 2 scrolls of random uselessness
 k - a scroll of recharging
 l - 3 scrolls of enchant armour
 q - a scroll of curse armour
 u - a scroll of enchant weapon I
 w - a scroll of blinking {unknown}
 x - a scroll of immolation {unknown}
Jewellery
 h - an amulet of resist corrosion (around neck) {unknown}
Potions
 d - 4 potions of heal wounds {unknown}
 m - a potion of lignification {unknown}
 o - a potion of mutation {unknown}
 r - a potion of curing {unknown}
 s - a potion of poison {unknown}
 z - a potion of restore abilities {unknown}


   Skills:
 + Level 5.7 Fighting
 + Level 5.3 Maces & Flails
 + Level 0.7 Throwing
 + Level 4.8 Dodging
 + Level 0.3 Stealth


You had 5 spell levels left.
You didn't know any spells.

Dungeon Overview and Level Annotations

Branches:
Dungeon (4/16)             Temple (1/1) D:4

Altars:
Ashenzari
Vehumet
Zin

Shops:
D:4 [(/*


Innate Abilities, Weirdness & Mutations

You are too large for most types of armour.
You have a fast metabolism.
You can tolerate rotten meat.
You have tough skin (AC +1).


Message History

You hit the ogre.
The ogre is heavily wounded.
The ogre barely misses you.
The inept fountain mimic splashes you but does no damage.
You hit the ogre.
The ogre is heavily wounded.
The inept fountain mimic closely misses you.
The ogre hits you with a giant club.
You hit the ogre but do no damage.
The ogre is heavily wounded.
The inept fountain mimic splashes you but does no damage.
The ogre hits you with a giant club!
* * * LOW HITPOINT WARNING * * *
You closely miss the ogre.
The ogre is heavily wounded.
The inept fountain mimic completely misses you.
You hit the ogre.
The ogre is severely wounded.
The ogre hits you with a giant club!
You die...

##### ##### ####...#
..#.. #....>.# ⌠...
#.##...# O.#
##.###.###.## #
#...#...#...#...#
#O###.⌠.......⌠.# #@#
#...#...#.?.#
###⌠####.###.## #
#.....#... ..#
#.###.#.⌠. ⌠.# ####
#># #.#... ..# ...#
#####.###.#### ###
...#######.......).#
...........#####.#.#
...#.##∩##.#####.#...


You could see an ogre and an inept fountain mimic.

Vanquished Creatures
  A hound (D:4)
  2 worker ants
  3 gnolls (D:3)
  8 adders
  4 worms
  2 giant geckos
  An orc (D:4)
  2 bats
  8 giant cockroaches
  6 goblins
  3 hobgoblins
  2 jackals (D:3)
  12 kobolds
  2 ball pythons
  A giant newt (D:4)
  8 rats
65 creatures vanquished.

Notes
Turn   | Place    | Note
--------------------------------------------------------------
     0 | D:1      | CrazyArbalest, the Ogre Berserker, began the quest for the Orb.
     0 | D:1      | Reached XP level 1. HP: 24/24 MP: 1/1
     0 | D:1      | Noticed a human skeleton
     0 | D:1      | Noticed a minotaur zombie
     1 | D:1      | Noticed a spriggan
     3 | D:1      | Noticed a troll zombie
     5 | D:1      | Noticed a minotaur skeleton
     6 | D:1      | Noticed an ogre
     8 | D:1      | Noticed a merfolk skeleton
    10 | D:1      | Noticed a draconian skeleton
    12 | D:1      | Noticed a merfolk skeleton
    12 | D:1      | Noticed a merfolk zombie
    13 | D:1      | Noticed a spriggan zombie
    16 | D:1      | Noticed a draconian zombie
    16 | D:1      | Noticed a troll zombie
    18 | D:1      | Noticed a centaur
   172 | D:1      | Reached XP level 2. HP: 24/32 MP: 2/2
   548 | D:2      | Acquired Trog's second power
   600 | D:2      | Reached XP level 3. HP: 35/40 MP: 3/3
  1278 | D:3      | Reached XP level 4. HP: 44/49 MP: 4/4
  1551 | D:3      | Reached skill level 5 in Fighting
  1926 | D:3      | Reached skill level 5 in Maces & Flails
  1926 | D:3      | Reached XP level 5. HP: 55/57 MP: 5/5
  2475 | D:4      | Found Cubonu Siun's Magical Wand Boutique.
  2481 | D:4      | Found Helankij's Assorted Antiques.
  2502 | D:4      | Found Paola's Antique Weapon Emporium.
  2777 | D:4      | Reached XP level 6. HP: 39/66 MP: 6/6
  2793 | D:4      | Bought a scroll labeled ZIAROA TWEGH for 27 gold pieces
  2793 | D:4      | Bought a scroll labeled COUFRY PUUR for 27 gold pieces
  2793 | D:4      | Bought a scroll labeled ULATRE PLULAOS for 27 gold pieces
  2793 | D:4      | Bought a scroll labeled CRUGGY TEHIEM for 27 gold pieces
  2793 | D:4      | Bought a scroll labeled PRAADE HUFF for 27 gold pieces
  2793 | D:4      | Bought a scroll labeled SEXENUPL AKOUR for 27 gold pieces
  2930 | D:4      | Found Kinigi Lamesk's Armour Shoppe.
  2978 | D:4      | Found a staircase to the Ecumenical Temple.
  2987 | D:4      | Noticed an ogre
  3022 | Temple   | Entered the Ecumenical Temple
  3390 | D:4      | Mangled by an ogre

Action                   |  1- 3 |  4- 6 || total
-------------------------+-------+-------++-------
Melee: Mace              |   100 |   141 ||   241
Throw: Tomahawk          |       |     6 ||     6
Invok: Berserk           |       |     1 ||     1
  Use: Scroll            |       |     8 ||     8
